 Dungeon Crawl Stone Soup version 0.23-a0-78-gc252fe1 (webtiles) character file.

13951 Amnesiac the Zephyrmancer (level 11, -21/75 HPs)
             Began as a Mummy Air Elementalist on Aug 10, 2018.
             Was a High Priest of Sif Muna.
             Killed from afar by a wizard (56 damage)
             ... with a crystal spear
             ... on level 12 of the Dungeon.
             The game lasted 00:20:57 (9777 turns).

Amnesiac the Zephyrmancer (Mummy Air Elementalist)  Turns: 9777, Time: 00:20:59

Health: -21/75     AC:  9    Str: 11    XL:     11   Next: 82%
Magic:  5/26       EV: 14    Int: 19    God:    Sif Muna [*****.]
Gold:   647        SH:  0    Dex: 12    Spells: 16/32 levels left

rFire    + . .     SeeInvis .   a - +4 scimitar (flame)
rCold    . . .     Gourm    .   (no shield)
rNeg     + + +     Faith    .   r - +0 steam dragon scales
rPois    ∞         Spirit   .   m - +0 helmet
rElec    .         Reflect  .   (no cloak)
rCorr    .         Harm     +   t - +2 pair of gloves
MR       +....                  (no boots)
Stlth    ++........             l - amulet of harm
HPRegen  0.22/turn              c - ring of protection from fire
MPRegen  0.20/turn              z - ring of fire

@: divine energy
A: no food or potions, fire vulnerability, cold resistance 1, negative energy
resistance 3, torment resistance, unbreathing
a: Stop Divine Energy, Channel Magic, Forget Spell, Renounce Religion


You were on level 12 of the Dungeon.
You worshipped Sif Muna.
Sif Muna was extremely pleased with you.
You were not hungry.

You visited 2 branches of the dungeon, and saw 13 of its levels.

You collected 647 gold pieces.

Inventory:

Hand Weapons
 a - a +4 scimitar of flaming (weapon)
 b - a +0 blowgun
Missiles
 g - 118 sling bullets
 o - 427 stones (quivered)
 y - 6 curare-tipped needles
Armour
 i - a +0 shield
 m - a +0 helmet (worn)
 r - +0 steam dragon scales (worn)
 t - a +2 pair of gloves (worn)
 u - the +5 scale mail of the Lute {rElec}
   (You found it on level 6 of the Dungeon)

   It insulates you from electricity.
Jewellery
 c - a ring of protection from fire (left hand)
 l - an amulet of harm (around neck)
 z - a ring of fire (right hand)
 D - an uncursed ring of protection from cold
Wands
 e - a wand of enslavement (12)
 n - a wand of iceblast (3)
 s - a wand of digging (31)
 w - a wand of random effects (101)
 x - a wand of flame (64)
 A - a wand of acid (7)
 E - a wand of disintegration (14)
Scrolls
 d - 7 scrolls of remove curse {!r}
 h - a scroll of magic mapping {!r}
 j - 4 scrolls of teleportation {!r}
 k - 7 scrolls of identify {!r}
 p - 2 scrolls of enchant armour {!r}
 q - 2 scrolls of immolation {!r}
 v - a scroll of fog {!r}
 B - 2 scrolls of amnesia {!r}
 C - a scroll of blinking {!r}


   Skills:
 + Level 3.4 Fighting
 * Level 4.6 Dodging
 - Level 1.5 Stealth
 - Level 11.0 Spellcasting
   Level 0.7 Conjurations
 - Level 11.0 Air Magic
 - Level 8.5 Invocations


You had 16 spell levels left.
You knew the following spells:

 Your Spells              Type           Power        Failure   Level  Hunger
a - Airstrike             Air            ######....   1%          4    N/A
b - Summon Lightning Spi  Summ/Air       ####....     7%          4    N/A
x - Swiftness             Chrm/Air       ####....     1%          2    N/A
z - Deflect Missiles      Chrm/Air       ####......   71%         6    N/A

Your spell library contained the following spells:

 Spells                   Type           Power        Failure   Level  Hunger
 Lightning Bolt           Conj/Air       ####......   17%         5    N/A
 Summon Small Mammal      Summ           ##..         7%          1    N/A
 Summon Ice Beast         Ice/Summ       ##......     54%         4    N/A
 Call Imp                 Summ           ##......     10%         2    N/A
 Shock                    Conj/Air       ####         1%          1    N/A
 Call Canine Familiar     Summ           ##......     21%         3    N/A
 Silence                  Hex/Air        ####......   19%         5    N/A
 Static Discharge         Conj/Air       ####....     1%          3    N/A
 Conjure Ball Lightning   Conj/Air       ####......   67%         6    N/A
 Tornado                  Air            ######....   100%        9    N/A
 Summon Guardian Golem    Hex/Summ       ##......     21%         3    N/A

Dungeon Overview and Level Annotations

Branches:
Dungeon (12/15)            Temple (1/1) D:4            Lair (0/6) D:11
    Orc: D:9-12

Altars:
Ashenzari
Cheibriados
Dithmenos
Elyvilon
Fedhas
Gozag
Hepliaklqana
Kikubaaqudgha
Makhleb
Nemelex Xobeh
Okawaru
Qazlal
Ru
Sif Muna
Trog
Uskayaw
Vehumet
Wu Jian
Xom
Yredelemnul
Zin
The Shining One

Shops:
D:4 :   D:5 (   D:7 (}((

Annotations:
D:12 3 runed doors


Innate Abilities, Weirdness & Mutations

You do not eat or drink.
Your flesh is vulnerable to fire.
You are immune to poison.
Your flesh is cold resistant. (rC+)
You are immune to negative energy. (rN+++)
You are immune to unholy pain and torment.
You can survive without breathing.


Message History

Confirm with . or Enter, or press ? or * to list all spells.
Aiming: Airstrike (safe; 1% risk of failure)
Press: ? - help, Dir - move target cursor, f/p - wolf spider zombie
Aim: a wolf spider zombie (heavily damaged)
The air twists around and strikes the wolf spider zombie!
The wolf spider zombie is severely damaged.
Sif Muna grants you divine energy.
You briefly lose access to your magic!
The adder bites you but does no damage.
The wolf spider zombie completely misses you.
The wolf spider zombie bites you but does no damage.
The wolf spider zombie hits you.
* * * LOW HITPOINT WARNING * * *
The wolf spider zombie bites you.
* * * LOW HITPOINT WARNING * * *
The adder bites you but does no damage.
There is a stone staircase leading up here.
You regain access to your magic.
The adder misses you.
You riposte.
You hit the adder but do no damage.
You climb upwards.
There is a stone staircase leading down here.
You closely miss the adder. The adder bites you.
* * * LOW HITPOINT WARNING * * *
The adder bites you.
* * * LOW HITPOINT WARNING * * *
Casting: Airstrike (safe; 1% risk of failure)
Confirm with . or Enter, or press ? or * to list all spells.
Aiming: Airstrike (safe; 1% risk of failure)
Press: ? - help, Dir - move target cursor, f - adder
Aim: an adder The air twists around and strikes the adder!
You kill the adder!
Sif Muna accepts your kill. Sif Muna grants you divine energy.
You briefly lose access to your magic!
You see here an adder corpse.
You regain access to your magic.
There is a stone staircase leading down here.
Drop what? 31/52 slots (_ for help) (? for menu, Esc to quit)
You drop a scroll of fog {!r}.
v - a scroll of fog {!r} Drop what? 31/52 slots (_ for help) (? for menu, Esc to quit)
Okay, then.
Drop what? 31/52 slots (_ for help) (? for menu, Esc to quit)
You drop a crystal ball of energy.
Really read
k - 7 scrolls of identify {!r}?
Okay, then.
You climb downwards.
A bullfrog, a black bear and a wizard come into view.
The wizard shouts!
You hear a shout!
The black bear growls angrily.
The bullfrog croaks.
You hear an angry hiss.
You hear a howl!
An iguana comes into view.
The bullfrog hits you but does no damage. x2
You hear a shout!
Found a scroll of remove curse.
Found a runed gate.
There is a stone staircase leading up here.
Adjust (i)tems, (s)pells, or (a)bilities?
Adjust which item? (? for menu, Esc to quit)
z - an uncursed blowgun Adjust to which letter? (? for menu, Esc to quit)
b - an uncursed blowgun;
z - a ring of fire (right hand)
The bullfrog closely misses you. The wizard casts a spell at you.
The crystal spear hits you!
Ouch! That really hurt!
You die...

.l.. #..# o
#... ..
####..# .#
###...h.# ..
Z#.#.....#p#
Z.Z#.......#
+..F@.#
+.....#
+.....#
.#......
#.#.?...#.
######..#..
##.# #. ..
..


You could see 2 spectral centaur warriors, a wizard, an orc sorcerer
(wandering), a black bear, a bullfrog, an iguana (wandering) and a centaur
warrior zombie.

Vanquished Creatures
  A death knight (D:11)
  Erica (D:11)
  3 two-headed ogres
  Urug (D:10)
  2 unseen horrors (D:10)
  An obsidian statue (D:10)
  Pikel (D:7)
  An ugly thing (D:11)
  A manticore (D:12)
  A troll (D:10)
  A hornet (D:7)
  2 hippogriffs
  3 wyverns
  8 yaks
  A spriggan (D:10)
  A vampire (D:7)
  A basilisk (D:11)
  A steam dragon (D:5)
  3 vampire mosquitoes (D:10)
  A swamp drake (D:11)
  A hornet zombie (D:7)
  3 orc warriors
  3 slaves (D:7)
  A phantom (D:7)
  2 sky beasts
  5 ice beasts
  A necrophage (D:12)
  An eye of draining (D:12)
  A centaur (D:12)
  A boggart (D:12)
  7 ogres
  A crocodile (D:11)
  A big kobold (D:11)
  3 bullfrogs
  A wyvern skeleton (D:10)
  A water moccasin skeleton (D:7)
  10 killer bees
  3 wights (D:10)
  3 howler monkeys (D:10)
  2 crimson imps
  3 jellies
  6 orc priests
  6 hounds
  5 orc wizards
  3 iguanas
  2 worker ants
  Natasha (twice) (D:3)
  A killer bee zombie (D:7)
  A worker ant zombie (D:6)
  4 gnolls (D:8)
  6 adders
  A shadow imp (D:5)
  An ooze (D:1)
  A worm (D:4)
  An adder skeleton (D:8)
  3 dart slugs
  5 leopard geckos
  29 orcs
  2 bat zombies (D:7)
  6 giant cockroaches
  6 hobgoblins
  9 jackals
  7 kobolds
  4 quokkas
  12 bats
  8 frilled lizards
  5 goblins
  A jackal skeleton (D:6)
  A quokka skeleton (D:5)
  6 rats
  2 rat zombies (D:7)
235 creatures vanquished.

Vanquished Creatures (others)
  A slave (D:7)
1 creature vanquished.

Grand Total: 236 creatures vanquished

Notes
Turn   | Place    | Note
-------+----------+-------------------------------------------
     0 | D:1      | Amnesiac the Mummy Air Elementalist began the quest for the Orb.
     0 | D:1      | Reached XP level 1. HP: 13/13 MP: 4/4
   156 | D:3      | Noticed Natasha
   204 | D:4      | Found a staircase to the Ecumenical Temple.
   213 | Temple   | Entered the Ecumenical Temple
   458 | Temple   | Became a worshipper of Sif Muna the Loreminder
   652 | D:1      | Reached XP level 2. HP: 13/19 MP: 0/5
   656 | D:1      | Learned a level 2 spell: Swiftness
  1304 | D:2      | Reached XP level 3. HP: 18/24 MP: 0/7
  1842 | D:2      | Found a sacrificial altar of Ru.
  1969 | D:3      | Reached XP level 4. HP: 2/30 MP: 2/9
  2281 | D:3      | Learned a level 4 spell: Airstrike
  2617 | D:3      | Reached * piety under Sif Muna
  2617 | D:3      | Reached XP level 5. HP: 35/35 MP: 0/11
  2903 | D:3      | Killed Natasha
  2969 | D:3      | Noticed Natasha
  2971 | D:3      | Found an ornate altar of the Wu Jian Council.
  2990 | D:3      | Reached XP level 6. HP: 40/41 MP: 7/13
  2996 | D:3      | Killed Natasha
  3060 | D:4      | Reached skill level 5 in Air Magic
  3091 | D:4      | Reached skill level 5 in Spellcasting
  3359 | D:4      | Found a burning altar of Makhleb.
  3466 | D:4      | Found Jugoeb's Book Shop.
  3581 | D:4      | Reached XP level 7. HP: 46/46 MP: 0/15
  3781 | D:5      | Entered Level 5 of the Dungeon
  3781 | D:5      | Found Rimmuth's Weapon Boutique.
  3918 | D:5      | Reached ** piety under Sif Muna
  3928 | D:5      | Noticed a steam dragon
  3936 | D:5      | Killed a steam dragon
  4247 | D:5      | Found a shattered altar of Ashenzari.
  4406 | D:5      | Learned a level 4 spell: Summon Lightning Spire
  4583 | D:6      | Reached XP level 8. HP: 52/52 MP: 0/18
  4837 | D:6      | Got a pitted scale mail
  4859 | D:6      | Identified the +5 scale mail of the Lute {rElec} (You found it on level 6 of the Dungeon)
  5264 | D:7      | Found Aceus's Antique Weapon Shop.
  5386 | D:7      | Found Maasea's Gadget Emporium.
  5394 | D:7      | Found Goextiarr's Antique Weapon Emporium.
  5489 | D:7      | Reached *** piety under Sif Muna
  5516 | D:7      | Noticed Pikel
  5535 | D:7      | Killed Pikel
  5535 | D:7      | Reached XP level 9. HP: 57/57 MP: 0/21
  5801 | D:7      | Found Laifoyt's Antique Weapon Boutique.
  5954 | D:7      | Found an ancient bone altar of Kikubaaqudgha.
  6253 | D:8      | Got a shimmering great sword
  6254 | D:8      | Identified the +4 great sword of the Doomed Warrior {slice, rN+} (You found it on level 8 of the Dungeon)
  6289 | D:8      | Reached **** piety under Sif Muna
  6517 | D:8      | Noticed a two-headed ogre
  6535 | D:8      | Killed a two-headed ogre
  6535 | D:8      | Reached skill level 10 in Spellcasting
  6535 | D:8      | Reached skill level 10 in Air Magic
  6942 | D:9      | Noticed a two-headed ogre
  6947 | D:9      | Killed a two-headed ogre
  6947 | D:9      | Reached XP level 10. HP: 63/63 MP: 3/24
  7088 | D:9      | Reached ***** piety under Sif Muna
  7102 | D:9      | Received a gift from Sif Muna
  7115 | D:9      | Learned a level 6 spell: Deflect Missiles
  7621 | D:10     | Entered Level 10 of the Dungeon
  7629 | D:10     | Noticed an obsidian statue
  7636 | D:10     | Killed an obsidian statue
  7772 | D:10     | Reached skill level 1 in Invocations
  7895 | D:10     | Noticed Urug
  7934 | D:10     | Killed Urug
  8028 | D:10     | Reached skill level 5 in Invocations
  8171 | D:10     | Reached XP level 11. HP: 68/68 MP: 0/26
  8235 | D:10     | Found a bloodstained altar of Trog.
  8252 | D:10     | Killed an unseen horror
  8353 | D:10     | Killed an unseen horror
  8359 | D:10     | Found an ancient bone altar of Kikubaaqudgha.
  8638 | D:11     | Noticed a green ugly thing
  8662 | D:11     | Killed a green ugly thing
  8810 | D:11     | Noticed Erica
  8821 | D:11     | Killed Erica
  8954 | D:11     | Found a staircase to the Lair.
  9152 | D:11     | Reached skill level 1 in Fighting
  9353 | D:11     | Noticed a two-headed ogre
  9358 | D:11     | Killed a two-headed ogre
  9570 | D:12     | Noticed a death knight
  9710 | D:11     | Killed a death knight
  9776 | D:12     | Found a runed gate.
  9776 | D:12     | Found a runed gate.
  9776 | D:12     | Found a runed gate.
  9776 | D:12     | Noticed a wizard
  9777 | D:12     | Noticed an orc sorcerer
  9777 | D:12     | Killed from afar by a wizard

Vault maps used:
D:1:      dpeg_arrival_court, roderic_roman_lattice
D:2:      nicolae_ru_awakened_eye, first_ration
D:3:      lemuel_doored_altar, uniq_natasha
D:4:      minmay_temple_entry_glass, serial_shops, nicolae_shop_stone,
          makhleb_heckhound_becter
D:5:      ashenzari_altar_1, serial_shops, shop
D:6:      grunt_ministairs_2
D:7:      lemuel_zombie_altar_kikubaaqudgha, serial_shops,
          nicolae_shop_waterfront, shop, shop, shop, uniq_pikel
D:10:     the_bakery, minivault_16, hangedman_feature_mirror, uniq_urug
D:11:     erik_lair_dragon, uniq_erica
D:12:     minmay_dotted_concentric_squares, erik_orc_1,
          gammafunk_ghost_necromancy
Temple:   dpeg_five_rooms_temple

Skill      XL: |  1  2  3  4  5  6  7  8  9 10 11 |
---------------+----------------------------------+-----
Air Magic      | 3 4 5 6 8 10 11 | 11.0
Spellcasting   | 3 4 5 6 8 10 11 | 11.0
Invocations    | 5 8 |  8.5
Dodging        | 4 |  4.6
Fighting       | 3 |  3.4
Stealth        | |  1.5
Conjurations   | |  0.7

Action                   |  1- 3 |  4- 6 |  7- 9 | 10-12 || total
-------------------------+-------+-------+-------+-------++-------
Melee: Unarmed           |    19 |       |       |       ||    19
       Rapier            |       |       |    47 |       ||    47
       Great sword       |       |       |     1 |    10 ||    11
       Scimitar          |       |       |       |    22 ||    22
 Fire: Hunting sling     |       |    37 |       |       ||    37
 Cast: Shock             |    73 |     2 |       |       ||    75
       Airstrike         |       |    43 |   126 |   180 ||   349
       Deflect Missiles  |       |       |       |     2 ||     2
Invok: Divine Energy     |       |     1 |       |       ||     1
Evoke: Wand              |       |       |       |     3 ||     3
  Use: Scroll            |     3 |     5 |     1 |     5 ||    14
Armor: Robe              |    19 |     2 |       |       ||    21
       Steam dragon scal |       |       |    13 |    44 ||    57
Dodge: Dodged            |    46 |     7 |    28 |    66 ||   147
       Deflected         |       |       |       |    11 ||    11
       Rpst.: Great sword |       |       |     1 |    15 ||    16
       Scimitar          |       |       |       |     7 ||     7

Table legend:
 A = Non-vault XP
 B = Vault XP
 C = Vault XP percentage of total XP
 D = Non-vault monster count
 E = Vault monster count
 F = Vault count percentage of total count
 G = Total turns spent on level
                 A         B        C        D         E       F
            +---------+---------+-------+---------+---------+-------
      Total |   13347 |    6583 |  33.0 |     206 |      26 |  11.2
            +---------+---------+-------+---------+---------+-------
        D:1 |      28 |       0 |   0.0 |      17 |       0 |   0.0
        D:2 |      28 |       0 |   0.0 |      17 |       0 |   0.0
        D:3 |     338 |      20 |   5.6 |      28 |       1 |   3.4
        D:4 |     348 |      43 |  11.0 |      12 |       1 |   7.7
        D:5 |     476 |       0 |   0.0 |      19 |       0 |   0.0
        D:6 |     303 |      66 |  17.9 |      13 |       6 |  31.6
        D:7 |    1328 |     599 |  31.1 |      14 |       5 |  26.3
        D:8 |    1551 |       0 |   0.0 |      14 |       0 |   0.0
        D:9 |    1585 |       0 |   0.0 |       9 |       0 |   0.0
       D:10 |    3226 |    3123 |  49.2 |      31 |       5 |  13.9
       D:11 |    2948 |    2495 |  45.8 |      26 |       6 |  18.8
       D:12 |    1188 |     237 |  16.6 |       6 |       2 |  25.0
            +---------+---------+-------+---------+---------+-------
